 Dungeon Crawl Stone Soup version 0.23.2 (webtiles) character file.

Game seed: 8458931952447065463

3488 Leeroy the Geomancer (level 10, -2/65 HPs)
             Began as a Formicid Earth Elementalist on Apr 12, 2019.
             Was a Priest of Elyvilon.
             Slain by a wolf (8 damage)
             ... on level 8 of the Dungeon.
             The game lasted 00:41:26 (10095 turns).

Leeroy the Geomancer (Formicid Earth Elementalist) Turns: 10095, Time: 00:41:27

Health: -2/65      AC:  6    Str: 14    XL:     10   Next: 27%
Magic:  1/18       EV: 12    Int: 17    God:    Elyvilon [***...]
Gold:   589        SH:  0    Dex: 11    Spells: 2/20 levels left

rFire    + . .     SeeInvis +   k - +1 short sword (speed)
rCold    . . .     Gourm    .   (no shield)
rNeg     . . .     Faith    .   c - +0 robe
rPois    .         Spirit   .   (helmet unavailable)
rElec    .         Reflect  .   W - +2 cloak
rCorr    .         Harm     .   (no gloves)
MR       +....                  G - +0 pair of boots
Stlth    +++.......             (no amulet)
HPRegen  0.20/turn              r - +5 ring of slaying
MPRegen  0.16/turn              x - ring of protection from fire

@: very slightly contaminated
A: permanent stasis, dig shafts and tunnels, four strong arms, antennae 3
a: Dig, Shaft Self, Lesser Healing, Heal Other, Purification, Divine Protection,
Renounce Religion


You were on level 8 of the Dungeon.
You worshipped Elyvilon.
Elyvilon was most pleased with you.
You were near starving.

You visited 2 branches of the dungeon, and saw 9 of its levels.

You collected 589 gold pieces.

Inventory:

Hand Weapons
 g - a +0 dagger
 k - a +1 short sword of speed (weapon)
 n - a +0 hunting sling
 s - a +0 trident
 w - a +0 falchion
 y - a +1 flail of holy wrath
 B - a +1 shortbow of velocity
 E - a +0 great mace
 H - a +0 long sword
 J - a +3 dagger of chaos
 N - a +4 quarterstaff of chaos
 P - a +1 mace of protection
 T - a +0 battleaxe
Missiles
 b - 227 stones (quivered)
 K - 93 arrows
 V - 25 bolts
Armour
 c - a +0 robe (worn)
 e - a +0 chain mail
 p - a +0 ring mail
 t - a +0 ring mail
 G - a +0 pair of boots (worn)
 O - a +0 cloak
 U - a cursed +0 plate armour
 W - a +2 cloak (worn)
Magical Staves
 S - an uncursed staff of conjuration {unknown}
Jewellery
 r - a +5 ring of slaying (left hand)
 x - a ring of protection from fire (right hand)
 z - an uncursed ring of ice
 Y - a cursed amulet of inaccuracy
Wands
 v - a wand of digging (3)
 Q - a wand of disintegration (14)
 X - a wand of paralysis (5)
Scrolls
 f - 2 scrolls of noise {unknown}
 h - 10 scrolls of remove curse
 i - 4 scrolls of amnesia {unknown}
 j - 2 scrolls of random uselessness {unknown}
 m - 4 scrolls of enchant armour {unknown}
 o - 2 scrolls of fog {unknown}
 u - a scroll of blinking {unknown}
 A - 6 scrolls of teleportation {unknown}
 C - 2 scrolls of fear {unknown}
 Z - a scroll of brand weapon {unknown}
Potions
 l - 2 potions of mutation
 q - a potion of degeneration {unknown}
 D - a potion of ambrosia
 F - 2 potions of invisibility
 L - 2 potions of brilliance
 R - 2 potions of flight {unknown}
Comestibles
 d - 7 rations


   Skills:
 - Level 1.1 Fighting
 - Level 5.0(5.4) Short Blades
 - Level 2.7(4.2) Long Blades
 * Level 4.4 Armour
 - Level 1.7 Dodging
 + Level 6.9 Stealth
 - Level 5.7 Spellcasting
 - Level 2.2 Conjurations
 - Level 1.1 Transmutations
 - Level 11.1 Earth Magic
 + Level 0.4 Invocations


You had 2 spell levels left.
You knew the following spells:

 Your Spells              Type           Power        Failure   Level  Hunger
a - Sandblast             Erth           #####.       1%          1    None
b - Passwall              Tmut/Erth      ####....     1%          2    #......
c - Stone Arrow           Conj/Erth      ####..       2%          3    ##.....
d - Petrify               Tmut/Erth      ####....     11%         4    ####...
e - Lee's Rapid Deconstr  Erth           #####.....   3%          5    ######.
f - Inner Flame           Hex/Fire       #.......     36%         3    ##.....

Your spell library contained the following spells:

 Spells                   Type           Power        Failure   Level  Hunger
 Corona                   Hex            #......      13%         1    None
 Slow                     Hex            #.......     21%         2    #......
 Leda's Liquefaction      Hex/Erth       ###.......   14%         4    ####...
 Portal Projectile        Hex/Tloc       #.....       36%         3    ##.....
 Cause Fear               Hex            #.........   78%         4    ####...


Dungeon Overview and Level Annotations

Branches:
Dungeon (8/15)             Temple (1/1) D:4
   Lair: D:8-11

Altars:
Cheibriados
Dithmenos
Elyvilon
Fedhas
Hepliaklqana
Kikubaaqudgha
Makhleb
Okawaru
Qazlal
Trog
Wu Jian
Xom
Yredelemnul

Annotations:
D:8 2 runed translucent doors


Innate Abilities, Weirdness & Mutations

You cannot be hasted, slowed, berserked, paralysed or teleported.
You can dig through walls and to a lower floor.
Your four strong arms can wield two-handed weapons with a shield.
You have a pair of large antennae on your head. (SInv)


Message History

The wolf bites you.
* * * LOW HITPOINT WARNING * * *
The wolf bites you!
* * * LOW HITPOINT WARNING * * *
The wolf misses you.
Casting: Petrify (safe; 11% risk of failure)
Confirm with . or Enter, or press ? or * to list all spells.
Okay, then.
You drop 19 bolts.
The wolf bites you.
* * * LOW HITPOINT WARNING * * *
The kobold hits you but does no damage. The wolf closely misses you.
You feel better. The kobold hits you but does no damage.
The wolf barely misses you.
Casting: Petrify (safe; 11% risk of failure)
Confirm with . or Enter, or press ? or * to list all spells.
Okay, then.
You fail to use your ability.
The wolf bites you.
* * * LOW HITPOINT WARNING * * *
The kobold hits you but does no damage. The wolf bites you!
You die...

#####.#######
#...........#
#...........#
#...........#
##..........#
############[..8......#
#<....................#
############..........#
#..@.......#
#####hK......#
#............#≈#
#............≈≈≈#
#......#.....≈≈≈#
#......#.....≈≈≈######
#......#....≈≈≈≈≈....#
#......#....≈≈≈≈≈....#
#....÷.##...≈≈≈≈≈....#


You could see a wolf and a kobold.

Vanquished Creatures
  Psyche (D:8)
  Prince Ribbit (D:5)
  A hippogriff (D:7)
  Sigmund (D:5)
  Menkaure (D:5)
  A water moccasin (D:7)
  5 ice beasts
  A necrophage (D:6)
  3 phantoms
  A centaur (D:7)
  5 bullfrogs
  2 scorpions
  4 howler monkeys
  5 crimson imps
  A centaur zombie (D:5)
  2 orc priests
  Crazy Yiuf (D:4)
  A jelly (D:8)
  3 orc wizards
  A bullfrog skeleton (D:6)
  An iguana (D:7)
  Ijyb (D:5)
  5 worker ants
  A killer bee zombie (D:5)
  A hound zombie (D:5)
  A worker ant zombie (D:5)
  3 gnolls (D:6)
  10 adders
  A shadow imp (D:5)
  An ufetubus (D:8)
  4 oozes
  An adder zombie (D:6)
  An adder skeleton (D:7)
  A worm (D:3)
  6 dart slugs
  6 leopard geckos
  18 orcs
  2 ball pythons
  5 giant cockroaches
  10 goblins
  8 hobgoblins
  7 jackals
  6 kobolds
  3 quokkas
  5 bats
  4 frilled lizards
  A jackal skeleton (D:4)
  A jackal zombie (D:6)
  A leopard gecko skeleton (D:5)
  A leopard gecko zombie (D:5)
  A quokka simulacrum (D:8)
  6 rats
  A fungus (D:4)
165 creatures vanquished.

Notes
Turn   | Place    | Note
-------+----------+-------------------------------------------
     0 | D:1      | Leeroy the Formicid Earth Elementalist began the quest for
                  | the Orb.
     0 | D:1      | Reached XP level 1. HP: 13/13 MP: 3/3
     2 | D:1      | Noticed a gargoyle
     6 | D:1      | Noticed a human
     6 | D:1      | Noticed a minotaur
     8 | D:1      | Noticed a merfolk
    12 | D:1      | Noticed an ogre
    12 | D:1      | Noticed a formicid
    14 | D:1      | Noticed a demonspawn
    14 | D:1      | Noticed a tengu
    18 | D:1      | Noticed a vampire
    18 | D:1      | Noticed an elf
    20 | D:1      | Noticed a draconian
    20 | D:1      | Noticed a ghoul
    22 | D:1      | Noticed a felid
    22 | D:1      | Noticed a centaur
    24 | D:1      | Noticed a dwarf
    24 | D:1      | Noticed a troll
    26 | D:1      | Noticed a naga
    26 | D:1      | Noticed a halfling
    28 | D:1      | Noticed an octopode
    28 | D:1      | Noticed a spriggan
    30 | D:1      | Noticed a vine stalker
    30 | D:1      | Noticed a demigod
   131 | D:1      | Reached skill level 4 in Earth Magic
   136 | D:1      | Reached XP level 2. HP: 13/20 MP: 3/5
   163 | D:1      | Learned a level 2 spell: Passwall
   524 | D:1      | Reached XP level 3. HP: 19/25 MP: 6/6
   821 | D:1      | Reached skill level 1 in Fighting
   998 | D:1      | Learned a level 3 spell: Stone Arrow
  1084 | D:2      | HP: 1/26 [dart slug/slug dart (4)]
  1098 | D:1      | HP: 1/26 [adder (1)]
  1104 | D:1      | Reached skill level 5 in Earth Magic
  1578 | D:2      | Reached XP level 4. HP: 32/32 MP: 3/7
  1770 | D:2      | Found a basalt altar of Yredelemnul.
  1855 | D:2      | Found a white marble altar of Elyvilon.
  1864 | D:2      | Became a worshipper of Elyvilon the Healer
  1912 | D:2      | Reached skill level 1 in Short Blades
  1912 | D:2      | Reached XP level 5. HP: 17/37 MP: 8/8
  2514 | D:2      | Reached skill level 1 in Conjurations
  2765 | D:3      | Reached skill level 6 in Earth Magic
  3008 | D:3      | Found a blossoming altar of Fedhas.
  3167 | D:3      | Reached XP level 6. HP: 36/43 MP: 9/9
  3339 | D:3      | Reached skill level 1 in Long Blades
  4206 | D:4      | Found a staircase to the Ecumenical Temple.
  4215 | Temple   | Entered the Ecumenical Temple
  4551 | D:4      | Reached XP level 7. HP: 44/48 MP: 10/10
  4563 | D:4      | Learned a level 4 spell: Petrify
  4922 | D:4      | Reached * piety under Elyvilon
  4983 | D:4      | Reached skill level 7 in Earth Magic
  5658 | D:4      | Found a runed translucent door.
  5659 | D:4      | Noticed Crazy Yiuf
  5676 | D:4      | Killed Crazy Yiuf
  5727 | D:5      | Entered Level 5 of the Dungeon
  5778 | D:5      | Noticed Prince Ribbit
  6220 | D:5      | Reached skill level 8 in Earth Magic
  6373 | D:5      | Noticed Sigmund
  6381 | D:5      | Killed Sigmund
  6381 | D:5      | Reached XP level 8. HP: 51/54 MP: 5/13
  6444 | D:5      | Reached skill level 9 in Earth Magic
  6713 | D:5      | Noticed Ijyb
  6725 | D:5      | Killed Ijyb
  6872 | D:5      | Learned a level 5 spell: Lee's Rapid Deconstruction
  7119 | D:5      | Noticed Menkaure
  7138 | D:5      | Killed Menkaure
  7138 | D:5      | Reached skill level 5 in Spellcasting
  7138 | D:5      | Reached skill level 10 in Earth Magic
  7450 | D:5      | Killed Prince Ribbit
  7450 | D:5      | Reached XP level 9. HP: 20/59 MP: 1/17
  7791 | D:6      | Reached ** piety under Elyvilon
  8332 | D:6      | Reached skill level 11 in Earth Magic
  8870 | D:7      | Learned a level 3 spell: Inner Flame
  8886 | D:7      | Found a snail-covered altar of Cheibriados.
  8915 | D:7      | Reached skill level 1 in Armour
  8980 | D:7      | Reached *** piety under Elyvilon
  9416 | D:7      | Noticed a hippogriff
  9491 | D:7      | Reached skill level 5 in Stealth
  9547 | D:7      | Killed a hippogriff
  9547 | D:7      | Reached skill level 5 in Short Blades
  9547 | D:7      | Reached XP level 10. HP: 47/65 MP: 4/18
  9700 | D:8      | Noticed Psyche
  9767 | D:8      | Killed Psyche
 10034 | D:8      | Found a runed translucent gate.
 10034 | D:8      | Found a runed translucent gate.
 10093 | D:8      | HP: 2/65 [wolf (3)]
 10095 | D:8      | Slain by a wolf

Skill      XL: |  1  2  3  4  5  6  7  8  9 10 |
---------------+-------------------------------+-----
Earth Magic    | 4 5 6 8 10 11 | 11.1
Fighting       | 1 |  1.1
Short Blades   | 1 2 5 |  5.0
Conjurations   | 1 2 |  2.2
Long Blades    | 1 2 |  2.7
Spellcasting   | 3 5 |  5.7
Stealth        | 5 6 |  6.9
Armour         | 1 4 |  4.4
Dodging        | |  1.7
Transmutations | |  1.1
Invocations    | |  0.4

Action                   |  1- 3 |  4- 6 |  7- 9 | 10-12 || total
-------------------------+-------+-------+-------+-------++-------
Melee: Whip              |    78 |       |       |       ||    78
       Short sword       |    22 |   121 |   228 |    26 ||   397
 Cast: Sandblast         |     8 |    21 |    23 |     2 ||    54
       Passwall          |     1 |       |       |     1 ||     2
       Stone Arrow       |       |    10 |    24 |       ||    34
       Petrify           |       |       |     7 |     5 ||    12
       Lee's Rapid Decon |       |       |    13 |     5 ||    18
Invok: Lesser Healing    |       |       |     1 |     7 ||     8
Evoke: Wand              |       |       |       |     1 ||     1
  Use: Scroll            |       |       |     9 |     1 ||    10
       Potion            |       |       |     2 |     2 ||     4
 Stab: Sleeping          |     7 |     2 |     7 |       ||    16
       Petrified         |       |       |     9 |     4 ||    13
       Petrifying        |       |       |     1 |       ||     1
  Eat: Chunk             |     2 |    10 |    15 |     6 ||    33
       Ration            |       |       |     2 |       ||     2
Armor: Robe              |     9 |    11 |    40 |    20 ||    80
Dodge: Dodged            |    62 |    56 |    97 |    40 ||   255
